 Dungeon Crawl Stone Soup version 0.23.1 (webtiles) character file.

Game seed: 15636341176086153429

219 Kniotic the Insei (level 5, -8/41 HPs)
             Began as a Demonspawn Monk on Mar 2, 2019.
             Mangled by an ogre
             ... wielding a +0 giant club
              (19 damage)
             ... on level 4 of the Dungeon.
             The game lasted 00:02:27 (2836 turns).

Kniotic the Insei (Demonspawn Monk)                 Turns: 2836, Time: 00:02:28

Health: -8/41      AC:  2    Str: 11    XL:     5   Next: 63%
Magic:  5/5        EV: 13    Int: 12    God:
Gold:   120        SH:  0    Dex: 16    Spells: 4/4 levels left

rFire    . . .     SeeInvis .     - Unarmed
rCold    . . .     Gourm    .   (no shield)
rNeg     . . .     Faith    .   a - +0 robe
rPois    .         Spirit   .   (no helmet)
rElec    .         Reflect  .   (no cloak)
rCorr    .         Harm     .   (no gloves)
MR       .....                  (no boots)
Stlth    ++........             (no amulet)
HPRegen  0.13/turn              (no ring)
MPRegen  0.09/turn              (no ring)

@: no status effects
A: talons 1, spiny 2
a: no special abilities


You were on level 4 of the Dungeon.
You were not hungry.

You visited 1 branch of the dungeon, and saw 4 of its levels.

You collected 120 gold pieces.

Inventory:

Armour
 a - a +0 robe (worn)
Jewellery
 g - an uncursed ring of flight {unknown}
Wands
 f - a wand of flame (18)
Scrolls
 c - 2 scrolls of identify {unknown}
 d - 2 scrolls of teleportation {unknown}
 h - a scroll of immolation {unknown}
 i - 3 scrolls of fear {unknown}
 j - 3 scrolls of remove curse {unknown}
Potions
 e - 3 potions of curing
 k - a potion of brilliance {unknown}
 l - a potion of degeneration {unknown}
 n - a potion of heal wounds {unknown}
Comestibles
 b - 6 rations
 m - 4 chunks of flesh


   Skills:
 - Level 3.0 Fighting
 - Level 2.6 Dodging
 - Level 1.7 Stealth
 + Level 5.9 Unarmed Combat


You had 4 spell levels left.
You didn't know any spells.
Your spell library was empty.

Dungeon Overview and Level Annotations

Branches:
Dungeon (4/15)
 Temple: D:4-7

Altars:
Xom

Annotations:
D:3 2 transporters, Thargor's ghost, amateur MiGl


Innate Abilities, Weirdness & Mutations

You have sharp toenails.
You are mostly covered in sharp spines.


Message History

You are too injured to fight recklessly!
You are too injured to fight recklessly!
You are too injured to fight recklessly!
You are too injured to fight recklessly!
You are too injured to fight recklessly!
You are too injured to fight recklessly!
You are too injured to fight recklessly!
You are too injured to fight recklessly!
You hit the ogre.
The ogre is moderately wounded.
A howler monkey comes into view.
You hit the ogre but do no damage. You claw the ogre, but do no damage.
The ogre is moderately wounded.
The ogre is struck by your spines. The ogre barely misses you.
You hit the ogre.
The ogre is heavily wounded.
The leopard gecko bites you but does no damage.
The ogre is struck by your spines.
The ogre hits you with a +0 giant club!!
You die...

#........####
#....##.##..###
##..).####....##
#..........#..#.#
...........#..#.....
#....#..####..>## .
#......... ##...#..#
..#........##.##......
.##.#####....@...##...
.. #....Ol..# ..
.?.#...........
./#............
#............
......####.... $.h....
.... #...... .##


You could see an ogre, a howler monkey and a leopard gecko.

Vanquished Creatures
  A crimson imp (D:3)
  Jessica (D:3)
  2 orc wizards (D:3)
  5 adders
  An ooze (D:2)
  2 worms (D:3)
  A dart slug (D:2)
  2 leopard geckos
  An orc (D:3)
  A ball python (D:1)
  2 bats
  A giant cockroach (D:3)
  7 goblins
  8 hobgoblins
  7 frilled lizards
  8 kobolds
  6 rats
56 creatures vanquished.

Vanquished Creatures (others)
  5 toadstools (D:1)
5 creatures vanquished.

Grand Total: 61 creatures vanquished

Notes
Turn   | Place    | Note
-------+----------+-------------------------------------------
     0 | D:1      | Kniotic the Demonspawn Monk began the quest for the Orb.
     0 | D:1      | Reached XP level 1. HP: 18/18 MP: 1/1
   134 | D:1      | Reached skill level 3 in Unarmed Combat
   352 | D:1      | Gained mutation: You are partially covered in sharp spines.
                  | [demonic ancestry]
   352 | D:1      | Reached XP level 2. HP: 9/24 MP: 2/2
   977 | D:2      | Found a shimmering altar of Xom.
   977 | D:2      | Found a shimmering altar of Xom.
   978 | D:2      | Found a shimmering altar of Xom.
  1200 | D:2      | Reached XP level 3. HP: 23/29 MP: 3/3
  1268 | D:2      | Reached skill level 4 in Unarmed Combat
  2062 | D:3      | Noticed Jessica
  2069 | D:3      | Killed Jessica
  2069 | D:3      | Gained mutation: You are mostly covered in sharp spines.
                  | [demonic ancestry]
  2069 | D:3      | Reached XP level 4. HP: 23/35 MP: 4/4
  2249 | D:3      | Reached skill level 5 in Unarmed Combat
  2253 | D:3      | Gained mutation: You have sharp toenails. [demonic
                  | ancestry]
  2253 | D:3      | Reached XP level 5. HP: 11/41 MP: 5/5
  2634 | D:3      | Found a transporter.
  2634 | D:3      | Noticed Thargor's ghost (amateur MiGl)
  2762 | D:3      | Found a transporter.
  2828 | D:4      | Noticed an ogre
  2836 | D:4      | Mangled by an ogre

Skill      XL: |  1  2  3  4 |
---------------+-------------+-----
Unarmed Combat | 3 4 5 |  5.9
Fighting       | |  3.0
Dodging        | |  2.6
Stealth        | |  1.7

Action                   |  1- 3 |  4- 6 || total
-------------------------+-------+-------++-------
Melee: Unarmed           |    80 |    50 ||   130
       Kick              |       |     5 ||     5
       Punch             |       |     1 ||     1
  Use: Potion            |       |     1 ||     1
 Stab: Sleeping          |     6 |       ||     6
  Eat: Chunk             |     3 |     3 ||     6
Armor: Robe              |     6 |     4 ||    10
Dodge: Dodged            |    43 |    18 ||    61
